 Dungeon Crawl Stone Soup version 0.30-a0-4-ga7cffc901d (webtiles) character file.

Game seed: 1170248375644070473

9191 experimilk the Basher (level 11, -6/81 HPs)
             Began as a Palentonga Fighter on Aug 21, 2022.
             Was an Elder of Hepliaklqana.
             Mangled by a cane toad (14 damage)
             ... on level 2 of the Lair of Beasts.
             The game lasted 00:31:12 (12591 turns).

experimilk the Basher (Palentonga Fighter)         Turns: 12591, Time: 00:31:13

Health: -6/81      AC: 16    Str: 26    XL:     11   Next: 19%
Magic:  14/14      EV:  4    Int:  8    God:    Hepliaklqana [****..]
Gold:   497        SH:  7    Dex: 10    Spells: 10/10 levels left

rFire   + . .      SeeInvis +    B - +3 flail
rCold   . . .      Faith    .    c - +3 buckler
rNeg    . . .      Spirit   .    l - +0 plate armour
rPois   .          Reflect  .    f - +0 hat
rElec   .          Harm     .    (no cloak)
rCorr   .          Rampage  .    (no gloves)
Will    .....                    (no barding)
Stlth   ..........               x - amulet of regeneration
HPRegen 1.03/turn                y - ring of protection from fire
MPRegen 0.14/turn                (no ring)

@: about to teleport, curled up
A: reduced essence, large, rugged brown scales 3, see invisible, deformed body,
roll 1, armoured tail, reflexive curl
a: Rolling Charge, Renounce Religion, Recall Ancestor, Ancestor Identity,
Transference, Idealise


You were on level 2 of the Lair of Beasts.
You worshipped Hepliaklqana.
Hepliaklqana was greatly pleased with you.
You visited 3 branches of the dungeon, and saw 11 of its levels.

You collected 497 gold pieces.

Inventory:

Hand Weapons
 B - a +3 flail (weapon)
Missiles
 h - 16 poisoned darts (quivered)
 D - 2 throwing nets
Armour
 b - a +0 scale mail
 c - a +3 buckler (worn)
 f - a +0 hat (worn)
 l - a +0 plate armour (worn)
Jewellery
 n - a ring of protection from cold
 x - an amulet of regeneration (around neck)
 y - a ring of protection from fire (left hand)
Wands
 a - a wand of digging (8)
 o - a wand of roots (10)
Scrolls
 e - 3 scrolls of magic mapping
 p - 4 scrolls of teleportation
 q - a scroll of brand weapon {unknown}
 s - a scroll of silence
 C - a scroll of amnesia {unknown}
 E - a scroll of enchant weapon {unknown}
Potions
 d - a potion of flight {unknown}
 g - a potion of cancellation {unknown}
 i - 2 potions of brilliance
 j - 2 potions of curing
 k - a potion of lignification {unknown}
 m - a potion of magic
 r - 2 potions of mutation
 t - a potion of resistance
 v - 2 potions of attraction
 w - 2 potions of berserk rage
Miscellaneous
 z - a piece from Xom's chessboard (15/15)


   Skills:
 * Level 7.0 Fighting
 - Level 14.0 Maces & Flails
 - Level 3.0 Throwing
 + Level 3.6 Armour
 + Level 3.8 Shields
 * Level 5.0 Invocations
 - Level 3.0 Evocations


You had 10 spell levels left.
You didn't know any spells.
Your spell library contained the following spells:

 Spells                   Type           Power      Damage    Failure   Level
 Apportation              Tloc           0%         N/A       100%        1
 Necrotise                Necr           0%         1d4       100%        1
 Summon Small Mammal      Summ           0%         N/A       100%        1
 Alistair's Intoxication  Tmut/Pois      0%         N/A       100%        5
 Borgnjor's Vile Clutch   Necr/Erth      0%         N/A       100%        5
 Eringya's Noxious Bog    Tmut/Pois      0%         N/A       100%        6


Dungeon Overview and Level Annotations

Branches:
Dungeon (8/15)             Temple (1/1) D:4            Lair (2/5) D:8
  Swamp: Lair:2-3    Shoals: Lair:2-3     Snake: Lair:2-3    Spider: Lair:2-3

Altars:
Ashenzari
Cheibriados
Dithmenos
Elyvilon
Fedhas
Gozag
Hepliaklqana
Makhleb
Nemelex Xobeh
Okawaru
Qazlal
Ru
Trog
Uskayaw
Vehumet
Wu Jian
Xom
Zin
The Shining One

Shops:
D:6 [


Innate Abilities, Weirdness & Mutations

Your life essence is reduced to manifest your ancestor. (-10% HP)
You are completely covered in rugged brown scales. (AC +3, +7% HP)
You have supernaturally acute eyesight. (SInv)
Armour fits poorly on your strangely shaped body.
You can roll at nearby foes to attack.
You have a long armoured tail.
You curl defensively after being hit. (AC +7*)


Message History

The cane toad barely misses you. The elephant tramples you!
You hold your ground!
The elephant trunk-slaps you but does no damage.
An elephant comes into view.
You sock the elephant! You tail-slap the elephant.
The elephant is almost dead.
The cane toad stings you!!
You are poisoned.
The cane toad poisons you!
You hit the elephant but do no damage.
The elephant is almost dead.
You feel very sick. The elephant tramples you.
You stumble backwards!
Bojana points at the elephant and mumbles some strange words.
The puff of frost hits the elephant.
The elephant dies!
The cane toad stings you but does no damage.
Your Fighting skill increases to level 7!
Your Invocations skill increases to level 5!
You hit the cane toad but do no damage.
You feel sick. The cane toad stings you!
* * * LOW HITPOINT WARNING * * *
You are lethally poisoned!
The cane toad poisons you!
Bojana hits the cane toad with a +0 quarterstaff!
You feel better. You block the cane toad's attack.
Bojana closely misses the cane toad.
Aiming: Fastroot
Press: ? - help, Q - select action, (/) - cycle Shift-Dir - straight line, f - elephant
Aim: an elephant The roots erupt in riotous growth!
Roots grab the elephant.
The grasping roots constrict the elephant!
The cane toad stings you!
* * * LOW HITPOINT WARNING * * *
The elephant escapes!
Bojana hits the cane toad with a +0 quarterstaff.
As you read the scroll of teleportation, it crumbles to dust.
You feel strangely unstable. The cane toad stings you!
You die...

.... .... ... ..# ### .
... ..#PP###.. .....
.........
......###+....P.#.
...........!......
.........Y@F.#P..#
..........R#......
...........+......
...........#..#...
##........>.....>.......
#.....#######...........
#.....## ##.....#.#.
##....#.# #......# #
#......# #......##


You could see the friendly Bojana the battlemage, an elephant and a cane toad
(ally target).

Vanquished Creatures
  A tengu warrior (D:8)
  A kobold demonologist (D:6)
  A komodo dragon (Lair:1)
  A troll (D:8)
  Grinder (D:3)
  11 yaks
  3 water moccasins
  An acid dragon (D:8)
  An orc warrior (D:6)
  2 sky beasts (D:8)
  A black bear (D:5)
  2 wolves (Lair:1)
  A centaur (D:8)
  3 kobold brigands (D:8)
  2 bullfrogs
  2 scorpions
  4 wights (D:8)
  7 killer bees (D:7)
  A crimson imp (D:7)
  A jelly (D:5)
  2 hounds
  2 orc priests (D:6)
  An orc wizard (D:8)
  Ijyb (D:3)
  Natasha (thrice) (D:3)
  3 iguanas (D:5)
  2 gnolls (D:6)
  4 adders
  A shadow imp (D:5)
  An ufetubus (D:4)
  A worm (D:3)
  3 dart slugs
  7 orcs
  6 endoplasms
  2 giant cockroaches
  7 goblins
  7 hobgoblins
  4 jackals (D:2)
  2 quokkas
  8 ball pythons
  5 bats
  4 frilled lizards
  10 kobolds
  5 rats (D:2)
138 creatures vanquished.

Vanquished Creatures (collateral kills)
  An elephant (Lair:2)
  A troll (D:8)
  A hornet (D:7)
  A wyvern (Lair:1)
  7 yaks
  A basilisk (Lair:1)
  4 water moccasins
  2 ice beasts (D:7)
  An ogre (D:5)
  A centaur (D:8)
  2 wolves (Lair:1)
  A bullfrog (D:7)
  A wight (D:8)
  5 killer bees (D:7)
  An electric eel (D:7)
  3 crimson imps (D:7)
  A gnoll bouda (D:6)
  2 iguanas
  An orc priest (D:6)
  7 gnolls (D:6)
  An adder (D:6)
  An ufetubus (D:7)
  7 orcs
  4 kobolds (D:8)
57 creatures vanquished.

Vanquished Creatures (others)
  3 battlemagi
  An ancestor (D:5)
  A plant (Lair:1)
5 creatures vanquished.

Grand Total: 200 creatures vanquished

Notes
Turn   | Place    | Note
-------+----------+-------------------------------------------
     0 | D:1      | experimilk the Palentonga Fighter began the quest for the
                  | Orb.
     0 | D:1      | Reached XP level 1. HP: 19/19 MP: 1/1
   335 | D:1      | Reached XP level 2. HP: 24/25 MP: 2/2
   650 | D:1      | Found a faded altar of an unknown god.
   737 | D:2      | Reached skill level 3 in Maces & Flails
  1263 | D:2      | Reached XP level 3. HP: 30/31 MP: 3/3
  1704 | D:3      | Noticed Natasha
  1711 | D:3      | Killed Natasha
  1712 | D:3      | Reached skill level 4 in Maces & Flails
  1712 | D:3      | Reached XP level 4. HP: 26/37 MP: 4/4
  1715 | D:3      | Noticed Natasha
  1717 | D:3      | Killed Natasha
  1856 | D:3      | Noticed a scorpion
  1860 | D:3      | Killed a scorpion
  1861 | D:3      | Reached skill level 1 in Throwing
  1861 | D:3      | Reached XP level 5. HP: 36/43 MP: 5/5
  1972 | D:3      | Noticed Natasha
  1982 | D:3      | Killed Natasha
  1983 | D:3      | Reached skill level 5 in Maces & Flails
  2247 | D:3      | Noticed Grinder
  2547 | D:3      | Noticed Ijyb
  2547 | D:3      | Paralysed by Ijyb for 4 turns
  2555 | D:3      | Paralysed by Ijyb for 5 turns
  2566 | D:3      | Paralysed by Ijyb for 2 turns
  2570 | D:3      | Killed Ijyb
  2693 | D:3      | Killed Grinder
  2694 | D:3      | Reached skill level 6 in Maces & Flails
  2694 | D:3      | Reached XP level 6. HP: 9/50 MP: 6/6
  3158 | D:4      | Found a staircase to the Ecumenical Temple.
  3168 | Temple   | Entered the Ecumenical Temple
  3363 | Temple   | Became a worshipper of Hepliaklqana the Forgotten
  3729 | D:4      | Found a sparkling altar of Nemelex Xobeh.
  4218 | D:5      | Entered Level 5 of the Dungeon
  4220 | D:5      | Gained mutation: You curl defensively after being hit. (AC
                  | +7*) [Palentonga growth]
  4220 | D:5      | Reached XP level 7. HP: 55/55 MP: 7/7
  4394 | D:5      | Reached * piety under Hepliaklqana
  4476 | D:5      | Found a broken altar of Ashenzari.
  4494 | D:5      | Reached skill level 7 in Maces & Flails
  5602 | D:6      | Reached skill level 8 in Maces & Flails
  5802 | D:6      | Reached ** piety under Hepliaklqana
  5805 | D:6      | Remembered your ancestor Bojana as a battlemage
  5929 | D:6      | Noticed a kobold demonologist
  6887 | D:6      | Reached XP level 8. HP: 20/56 MP: 8/8
  7160 | D:6      | Found a snail-covered altar of Cheibriados.
  7164 | D:6      | Found a radiant altar of Vehumet.
  7251 | D:6      | Found an ornate altar of the Wu Jian Council.
  7312 | D:6      | Reached skill level 9 in Maces & Flails
  7457 | D:6      | Noticed a sixfirhy
  7459 | D:6      | Killed a kobold demonologist
  7559 | D:6      | Found a sacrificial altar of Ru.
  7654 | D:6      | Reached skill level 10 in Maces & Flails
  7659 | D:6      | Found Haymon's Dragon-Slaying Spoils.
  8015 | D:7      | Noticed a hornet
  8020 | D:7      | Killed a hornet
  8021 | D:7      | Reached skill level 11 in Maces & Flails
  8024 | D:7      | Reached XP level 9. HP: 4/61 MP: 9/9
  8867 | D:7      | Reached skill level 12 in Maces & Flails
  8975 | D:7      | Reached *** piety under Hepliaklqana
  9361 | D:7      | Found a shimmering altar of Xom.
  9659 | D:8      | Reached skill level 13 in Maces & Flails
 10059 | D:8      | Noticed a troll
 10065 | D:8      | Killed a troll
 10066 | D:8      | Reached XP level 10. HP: 45/67 MP: 10/10
 10095 | D:8      | Noticed a tengu warrior
 10168 | D:8      | Reached skill level 14 in Maces & Flails
 10168 | D:8      | Reached skill level 1 in Invocations
 10184 | D:8      | Killed a tengu warrior
 10543 | D:8      | Found a staircase to the Lair.
 10561 | D:8      | Noticed a fire dragon
 11398 | Lair:1   | Entered Level 1 of the Lair of Beasts
 11429 | Lair:1   | Reached skill level 5 in Fighting
 11672 | Lair:1   | HP: 3/73 [yak (8)]
 11673 | Lair:1   | Reached skill level 1 in Evocations
 11858 | Lair:1   | Reached **** piety under Hepliaklqana
 12123 | Lair:1   | Reached XP level 11. HP: 80/80 MP: 14/14
 12588 | Lair:2   | Reached skill level 5 in Invocations
 12591 | Lair:2   | Mangled by a cane toad

Illustrated notes

Levels and vault maps discovered:
D:1:      elethiomel_arrival_infinity_welcomes_careful_drivers, layout_basic,
          hellmonk_ecumenical_altar_inner_sanctum, serial_park_tiny_pond
D:2:      layout_basic
D:3:      kennysheep_six_static_rooms, layout_basic, kennysheep_generic_room_14,
          uniq_grinder, uniq_natasha, uniq_ijyb
D:4:      layout_basic, nemelex_diamond_rough_becter,
          minmay_temple_entry_sparse_star, kennysheep_generic_room_7
D:5:      layout_loops_corners, mainiacjoe_overflow_boulevard,
          columned_hall_lemuel, grunt_ministairs_9, hellmonk_bongcloud_opening,
          kennysheep_doodads
D:6:      layout_basic, nicolae_wu_jian_wuxing_cycle, lemuel_crystal_altar,
          nicolae_overflow_hidden_temple, nicolae_shop_dragon_depot, hex_tiny,
          lemuel_another_geyser
D:7:      layout_cave_pools, led_xom_imps, nrook_pool_corridor
D:8:      minmay_distorted_concentric_squares, layout_rooms,
          minmay_lair_entry_lava
Temple:   nicolae_temple_x_marks_the_god
Lair:1:   layout_cellular_growth, st_stairs_6, grunt_megastairs_5
Lair:2:   layout_chaotic_city, minmay_shoals_entry_centaurs,
          guppyfry_snake_entry_garden

Skill      XL: |  1  2  3  4  5  6  7  8  9 10 11 |
---------------+----------------------------------+-----
Maces & Flails | 3 4 6 8 11 13 14 | 14.0
Throwing       | 1 2 3 |  3.0
Invocations    | 4 5 |  5.0
Shields        | 3 |  3.8
Fighting       | 6 7 |  7.0
Armour         | 3 |  3.6
Evocations     | 2 3 |  3.0

Action                   |  1- 3 |  4- 6 |  7- 9 | 10-12 || total
-------------------------+-------+-------+-------+-------++-------
Melee: Flail             |   104 |   106 |   140 |   120 ||   470
       Tailslap          |     9 |    12 |    17 |    20 ||    58
Throw: Dart              |     2 |     5 |     8 |    10 ||    25
Invok: Ancestor Life: Ba |       |       |     1 |       ||     1
       Recall Ancestor   |       |       |     1 |       ||     1
 Abil: Rolling Charge    |    27 |    24 |    36 |    17 ||   104
Evoke: Wand              |       |     4 |    14 |     3 ||    21
       Piece from Xom's  |       |       |     1 |       ||     1
  Use: Scroll            |     6 |     5 |     5 |     9 ||    25
       Potion            |     1 |     3 |     2 |     4 ||    10
 Stab: Distracted        |       |       |     2 |     1 ||     3
       Invisible         |       |       |     2 |       ||     2
Armor: Scale mail        |     4 |       |       |       ||     4
       Plate armour      |    65 |    49 |    62 |    75 ||   251
Dodge: Dodged            |    21 |    10 |    22 |    17 ||    70
Block: Buckler           |    17 |    15 |    38 |    39 ||   109

Table legend: (Time is in decaauts)
 A = Elapsed time spent in this place.
 B = Non-inter-level travel time spent in this place.
 C = Inter-level travel time spent in this place.
 D = Time resting spent in this place.
 E = Time spent auto-exploring this place.
 F = Levels seen in this place.
 G = Mean time per level.
                   A        B        C        D        E       F      G
               +--------+--------+--------+--------+--------+-----+--------+
         Total |  12613 |  12190 |    423 |   5499 |   4637 |  11 | 1146.6 |
       Dungeon |  11233 |  10893 |    340 |   5232 |   3998 |   8 | 1404.1 |
        Temple |    202 |    172 |     30 |     29 |     44 |   1 |  202.0 |
          Lair |   1177 |   1124 |     53 |    238 |    595 |   2 |  588.5 |
               +--------+--------+--------+--------+--------+-----+--------+

Top non-repeatable levels by time:
     D:5: 2298 daAuts
     D:7: 2182 daAuts
     D:6: 1875 daAuts
     D:3: 1488 daAuts
  Lair:1: 1115 daAuts
     D:4: 933 daAuts
     D:2: 898 daAuts
     D:8: 816 daAuts
     D:1: 740 daAuts
  Temple: 202 daAuts
  Lair:2: 62 daAuts
